 Dungeon Crawl Stone Soup version 0.18.1-50-g88ac8fd (webtiles) character file.

69 Dulcramidge the Skirmisher (level 4, -2/41 HPs)
             Began as a Hill Orc Fighter on Apr 4, 2017.
             Slain by Sigmund
             ... wielding a +0 scythe
              (10 damage)
             ... on level 2 of the Dungeon.
             The game lasted 00:05:23 (1053 turns).

Dulcramidge the Skirmisher (Hill Orc Fighter)       Turns: 1053, Time: 00:05:24

Health: -2/41      AC:  8    Str: 19    XL:     4   Next: 20%
Magic:  4/4        EV:  7    Int:  8    God:
Gold:   97         SH:  9    Dex: 10    Spells: 0 memorised, 3 levels left

rFire  . . .     SeeInvis .     l - +3 hand axe
rCold  . . .     Gourm    .     b - +0 scale mail
rNeg   . . .     Faith    .     c - +0 shield
rPois  .         Spirit   .     k - +0 helmet
rElec  .         Dismiss  .     (no cloak)
rCorr  .         Reflect  .     (no gloves)
SustAt .         Harm     .     (no boots)
MR     .....                    h - amulet of magic regeneration (curse)
Stlth  ..........               (no ring)
                                (no ring)

@: not resistant to hostile enchantments, extremely unstealthy
A: no striking features
a: no special abilities


You were on level 2 of the Dungeon.
You were full.

You visited 1 branch of the dungeon, and saw 2 of its levels.

You collected 97 gold pieces.

Inventory:

Hand Weapons
 a - a +0 war axe
 l - a +3 hand axe (weapon)
Armour
 b - a +0 scale mail (worn)
 c - a +0 shield (worn)
 k - a +0 helmet (worn)
Jewellery
 h - a cursed amulet of magic regeneration (around neck)
 p - an uncursed amulet of dismissal {unknown}
Scrolls
 e - a scroll of blinking
 i - 2 scrolls of recharging
 j - a scroll of noise {unknown}
 n - a scroll of identify {unknown}
 s - a scroll of remove curse {unknown}
Potions
 d - a potion of might
 m - a potion of haste {unknown}
 o - a potion of curing {unknown}
 q - 3 potions of agility {unknown}
 r - a potion of berserk rage {unknown}
Comestibles
 f - a bread ration
 g - 3 meat rations


   Skills:
 + Level 4.3 Fighting
 + Level 3.3 Axes
 + Level 3.8 Armour
 + Level 1.0 Dodging
 + Level 3.8 Shields


You had 3 spell levels left.
You didn't know any spells.

Dungeon Overview and Level Annotations

Branches:
Dungeon (2/15)

Altars:
Cheibriados
Fedhas
Trog

Annotations:
D:2 Sigmund


Message History

Sigmund flickers and vanishes!
Deactivating autopickup; reactivate with Ctrl-A.
Something hits you. You block the quokka's attack. Something hits you!
You closely miss the quokka. You closely miss something. The quokka bites you.
The quokka barely misses you.
You slash the quokka!
You kill the quokka!
You closely miss something. Something hits you.
Something hits you but does no damage.
You hit something. Something hits you.
You miss something. You hit something. Something hits you.
You hit something. You block something's attack.
You closely miss something. Something completely misses you.
You closely miss something. Something hits you.
* * * LOW HITPOINT WARNING * * *
You hit something. You slash something! Something hits you!
You die...

...#..##................#
......#######...#........
.).#÷## #.....#####..
.#.#.# #....## §.##.
.#.#.# #>...# r.!#
.....########....# ...#
...##.......#.#..# ...#
#####.#####.#.#.{## .@#
#.#####.#..#@.##'##..##
#..........#..[.......!
#.....#.._.........####
#.........).......##
#.............#.#.#
#.##.##......##.#.##
#.......#..........#
####.##......####..#
#.##.......###..#


There were no monsters in sight!

Vanquished Creatures
  Jessica (D:2)
  An adder (D:2)
  2 dart slugs (D:1)
  2 giant geckos
  2 giant cockroaches (D:1)
  4 goblins
  4 hobgoblins
  3 kobolds
  A quokka (D:2)
  4 bats
  3 giant newts
  2 rats (D:1)
29 creatures vanquished.

Notes
Turn   | Place    | Note
--------------------------------------------------------------
     0 | D:1      | Dulcramidge the Hill Orc Fighter began the quest for the Orb.
     0 | D:1      | Reached XP level 1. HP: 19/19 MP: 1/1
   116 | D:1      | Reached XP level 2. HP: 14/27 MP: 2/2
   280 | D:1      | Reached skill level 4 in Fighting
   625 | D:1      | Reached XP level 3. HP: 33/33 MP: 3/3
   720 | D:2      | Found a bloodstained altar of Trog.
   867 | D:2      | Found a snail-covered altar of Cheibriados.
   867 | D:2      | Found a blossoming altar of Fedhas.
  1032 | D:2      | Noticed Jessica
  1032 | D:2      | Noticed Sigmund
  1037 | D:2      | Killed Jessica
  1037 | D:2      | Reached skill level 1 in Dodging
  1037 | D:2      | Reached XP level 4. HP: 31/41 MP: 4/4
  1053 | D:2      | Slain by Sigmund

Skill      XL: |  1  2  3 |
---------------+----------+-----
Fighting       | 4 |  4.3
Axes           | 3 |  3.3
Dodging        | 1 |  1.0
Armour         | |  3.8
Shields        | |  3.8

Action                   |  1- 3 |  4- 6 || total
-------------------------+-------+-------++-------
Melee: War axe           |    46 |       ||    46
       Hand axe          |    49 |    10 ||    59
  Use: Scroll            |     2 |       ||     2
  Eat: Meat ration       |     1 |       ||     1
Armor: Scale mail        |    37 |     1 ||    38
Dodge: Dodged            |    32 |     2 ||    34
Block: Shield            |    41 |     2 ||    43
